 Adventure DCSS version bcrawl-1.19.2-6-g6a88ae04c9 (webtiles) character file.

Game seed: 2914159900334461926

36725 pasperui the Covert (level 13, -5/108 HPs)
             Began as a Naga Wizard on Dec 22, 2019.
             Was an Elder of Cheibriados.
             Drowned by a water nymph (8 damage)
             ... on level 1 of the Shoals.
             The game lasted 01:53:36 (21465 turns).

pasperui the Covert (Naga Wizard)                  Turns: 21465, Time: 01:53:37

Health: -5/108     AC: 18    Str: 22    XL:     13   Next: 92%
Magic:  14/25      EV: 13    Int: 33    God:    Cheibriados [****..]
Gold:   1560       SH:  8    Dex: 29    Spells: 14/28 levels left
                                        Lives:  0   Deaths: 2

rFire    . . .     SeeInvis +   E - +2 dagger (venom)
rCold    . . .     Gourm    .   z - +1 buckler
rNeg     . . .     Faith    .   p - +6 ring mail of Impermeability {Dex+6}
rPois    +         Spirit   .   G - +1 helmet of Xegef {Dex+3}
rElec    .         Reflect  .   m - scarf {cloud immunity}
rCorr    .         Harm     .   r - +1 pair of gloves
MR       +....     Clarity  +   (no barding)
Stlth    +++++.....             I - amulet of magic regeneration
HPRegen  0.28/turn              (no ring)
MPRegen  0.44/turn              v - +2 ring of intelligence

@: very slightly contaminated, very slow
A: large, stinger 1, see invisible, clarity, deformed body, frail 1, poison
resistance, slowness 2, slow metabolism 1, spit poison 1, constrict 1, AC +4
a: Spit Poison, Bend Time, Temporal Distortion, Slouch, Renounce Religion


You were on level 1 of the Shoals.
You worshipped Cheibriados.
Cheibriados was greatly pleased with you.
You were hungry.

You visited 5 branches of the dungeon, and saw 18 of its levels.
You also visited: Bailey.

You collected 1560 gold pieces.

Inventory:

Hand Weapons
 e - a +6 scimitar
 C - a +0 demon trident of venom
 E - a +2 dagger of venom (weapon)
 K - a +0 great sword
Missiles
 d - 4487 stones
 y - 263 tomahawks (quivered)
 B - 81 javelins
 W - 61 poisoned tomahawks
Armour
 m - a scarf of cloud immunity (worn)
 p - the +6 ring mail of Impermeability (worn) {Dex+6}
   (You found it on level 10 of the Dungeon)

   It affects your dexterity (+6).
 r - a +1 pair of gloves (worn)
 z - a +1 buckler (worn)
 G - the +1 helmet of Xegef (worn) {Dex+3}
   (You acquired it on level 12 of the Dungeon)

   It affects your dexterity (+3).
 L - +0 acid dragon scales
 N - the +2 ring mail "Voofreis" {*Slow rN++}
   (You found it on level 9 of the Dungeon)

   It greatly protects you from negative energy.
   It may slow you when you take damage.
 P - the +1 ring mail of Guituyf {+Fly Str+4 SInv}
   (You acquired it on level 1 of the Shoals)

   It affects your strength (+4).
   It lets you see invisible.
   It lets you fly.
Magical Staves
 s - an uncursed staff of power {unknown}
 S - an uncursed staff of air {unknown}
Jewellery
 o - an uncursed ring of fire
 v - a +2 ring of intelligence (right hand)
 x - an uncursed amulet of faith
 F - an uncursed ring of fire
 I - an amulet of magic regeneration (around neck)
Wands
 h - a wand of scattershot (6)
 l - a wand of iceblast (5)
 O - a wand of enslavement (4)
 R - a wand of flame (30)
 T - a wand of polymorph (19)
 Y - a wand of digging (27)
Scrolls
 a - 2 scrolls of identify
 b - 3 scrolls of amnesia
 c - a scroll of enchant weapon
 g - 4 scrolls of fog
 u - a scroll of magic mapping
 w - 4 scrolls of enchant armour
 U - a scroll of summoning {unknown}
 V - 3 scrolls of remove curse
Potions
 i - 5 potions of lignification
 k - a potion of agility
 n - 3 potions of curing
 A - 4 potions of haste
 D - 3 potions of flight
 H - 3 potions of might
 J - a potion of magic
 M - a potion of degeneration
 X - a potion of berserk rage
 Z - 2 potions of cancellation {unknown}
Comestibles
 f - 26 rations {!d}


   Skills:
 - Level 9.2 Fighting
 - Level 10.9 Long Blades
 - Level 5.0 Throwing
 - Level 5.6 Armour
 - Level 5.1 Dodging
 - Level 11.1 Stealth
 - Level 4.4 Shields
 - Level 8.0 Spellcasting
 - Level 6.1 Conjurations
   Level 1.0 Summonings
 - Level 1.0 Translocations
 * Level 3.0 Air Magic
 - Level 3.7 Poison Magic
 - Level 7.0 Invocations
 - Level 8.1 Evocations


You had 14 spell levels left.
You knew the following spells:

 Your Spells              Type           Power        Failure   Level  Hunger
a - Magic Dart            Conj           ####         1%          1    None
b - Mephitic Cloud        Conj/Pois/Air  #####...     2%          3    None
c - Blink                 Tloc           N/A          5%          2    None
d - Conjure Flame         Conj/Fire      ####....     4%          3    None
e - Lightning Bolt        Conj/Air       #####.....   22%         5    ####...

Your spell library contained the following spells:

 Spells                   Type           Power        Failure   Level  Hunger
 Summon Small Mammal      Summ           ###.         3%          1    None
 Call Imp                 Summ           ###...       5%          2    None
 Ensorcelled Hibernation  Hex/Ice        ##....       8%          2    None
 Spider Form              Tmut/Pois      ###          8%          3    None
 Call Canine Familiar     Summ           ###.....     11%         3    None
 Summon Ice Beast         Ice/Summ       ###.....     38%         4    None
 Summon Lightning Spire   Summ/Air       ####....     54%         5    ####...
 Infestation              Hex/Tmut/Pois  ###......    99%         6    #####..
 Shadow Creatures         Summ           N/A          99%         6    #####..
 Borgnjor's Vile Clutch   Necr/Erth      ##........   100%        6    #####..
 Darkness                 Hex            ##........   100%        6    #####..
 Icicle Burst             Conj/Ice       ####......   100%        7    #######
 Chain Lightning          Conj/Air       #####.....   100%        8    #######
 Ignition                 Fire           ##........   100%        8    #######
 Time Stop                Chrm/Tloc      N/A          100%        8    #######
 Shatter                  Erth           ##........   100%        9    #######
 Tornado                  Air            ####......   100%        9    #######


Dungeon Overview and Level Annotations

Branches:
Dungeon (12/12)            Temple (1/1) D:5            Lair (3/6) D:8
 Shoals (1/3) Lair:2          Orc (1/1) D:9             Elf (0/3) Orc
 Depths (0/5) D:12
  Snake: Lair:2-4    Spider: Lair:2-4    Vaults: D:11-12

Altars:
Ashenzari
Cheibriados
Dithmenos
Fedhas
Hepliaklqana
Kikubaaqudgha
Lugonu
Makhleb
Nemelex Xobeh
Okawaru
Qazlal
Wu Jian
Xom
Yredelemnul
Zin
The Shining One

Shops:
D:5 *

Annotations:
D:11 Fannar


Innate Abilities, Weirdness & Mutations

You cannot wear boots.
Your serpentine skin is tough. (AC +4)
You have supernaturally acute eyesight. (SInv)
Armour fits poorly on your strangely shaped body.
Your system is resistant to poisons. (rPois)
You cover ground very slowly.
You have a slow metabolism.
You can spit poison.
You can use your snake-like lower body to constrict enemies.
Your tail ends in a poisonous barb.
You possess an exceptional clarity of mind.
You are frail. (-10% HP)


Message History

You tear a large gash into the net.
The merfolk javelineer is engulfed in noxious fumes.
Unknown command.
You struggle against the net.
The snapping turtle seems less confused.
The merfolk javelineer is engulfed in noxious fumes.
The merfolk javelineer throws a javelin.
The javelin hits you!!
* * * LOW HITPOINT WARNING * * *
The alligator snapping turtle closely misses you.
Splash!
You fall into the shallow water.
Moving in this stuff is going to be slow.
Unknown command.
You rip the net and break free!
The merfolk javelineer throws a javelin.
The javelin misses you.
The javelin hits the water nymph!!
You block the alligator snapping turtle's attack.
The water nymph touches you. The water nymph drowns you!
You die...

≈≈≈≈≈≈≈≈≈≈≈≈≈≈≈≈≈≈
≈≈≈≈≈≈≈≈≈≈≈≈≈≈≈≈≈≈
≈≈≈≈≈≈≈≈≈≈≈≈≈≈≈≈≈≈
≈≈≈≈≈≈≈≈≈≈≈≈≈≈≈≈≈≈
≈≈≈≈≈≈≈≈≈≈≈≈≈≈≈≈≈≈
≈≈≈≈..t..≈≈≈≈≈≈≈≈≈
≈≈≈....t.t.≈≈≈≈≈≈≈
≈≈≈.###.##m≈≈≈≈≈≈≈
≈≈≈≈###t.#@.≈≈≈≈≈≈
≈≈≈≈.........≈≈≈≈≈
≈≈......#°.°≈≈≈≈≈
≈........m.≈≈≈≈≈≈ ≈
#...≈≈?°°○≈≈≈≈≈
≈≈.##..≈≈≈...≈≈≈≈≈
≈≈...≈≈...≈≈..≈≈≈≈
≈≈≈≈≈≈≈.##.......≈≈≈≈≈
≈≈≈≈≈≈≈.....≈≈≈...≈≈≈≈


You could see an alligator snapping turtle, a merfolk javelineer and a water
nymph.

Vanquished Creatures
  Louise (D:12)
  An ettin (D:12)
  3 hydras
  Psyche (D:11)
  5 two-headed ogres
  A tengu warrior (D:12)
  4 centaur warriors
  A deep elf knight (D:12)
  2 unseen horrors
  A deep elf archer (D:12)
  4 harpies (Shoals:1)
  3 cyclopes
  2 deep elf magi
  An orc sorcerer (D:12)
  2 ugly things (D:12)
  2 orc knights (Bailey)
  A wolf spider zombie (D:12)
  3 fauns (Shoals:1)
  2 manticores
  Maurice (D:11)
  3 centaur zombies
  2 merfolk sirens (Shoals:1)
  4 cane toads
  A torpor snail (Lair:2)
  5 komodo dragons
  A freezing wraith (D:12)
  A kobold demonologist (D:12)
  3 meliai (D:11)
  6 trolls
  A wind drake (Shoals:1)
  A hornet (D:10)
  Prince Ribbit (D:9)
  5 blink frogs (Lair:2)
  A snapping turtle (Lair:2)
  A wraith (D:11)
  28 yaks
  4 water elementals (Shoals:1)
  A shadow (D:12)
  6 wyverns
  A human (D:7)
  3 hogs (D:7)
  2 vampire mosquitoes (D:11)
  An acid dragon (D:11)
  2 crocodiles (Lair:3)
  4 porcupines
  2 water moccasins
  2 hornet zombies (D:10)
  24 orc warriors
  A black bear (Lair:2)
  2 sky beasts (D:4)
  2 eyes of draining (D:8)
  4 phantoms
  An ice beast (D:7)
  A necrophage (D:6)
  20 wolves
  12 centaurs
  6 ogres
  12 bullfrogs
  4 scorpions
  6 killer bees (D:8)
  9 wights
  3 howler monkeys (D:9)
  3 electric eels (Lair:2)
  4 crimson imps
  A lava snake (D:10)
  12 orc priests
  4 jellies
  11 hounds
  4 centaur skeletons
  14 orc wizards
  An iguana (D:8)
  A bullfrog skeleton (D:5)
  10 worker ants
  3 hound zombies
  2 worker ant zombies
  13 adders
  8 gnolls
  A howler monkey skeleton (D:6)
  A shadow imp (D:8)
  2 worms
  2 dart slugs
  4 leopard geckos
  76 orcs
  14 bats
  3 giant cockroaches
  8 hobgoblins
  15 jackals
  6 kobolds
  A quokka (D:2)
  3 frilled lizards
  6 goblins
  A spectral orc (D:3)
474 creatures vanquished.

Vanquished Creatures (others)
  A bush (Lair:3)
  6 fungi
7 creatures vanquished.

Grand Total: 481 creatures vanquished

Notes
Turn   | Place    | Note
-------+----------+-------------------------------------------
     0 | D:1      | pasperui the Naga Wizard began the quest for the Orb.
     0 | D:1      | Reached XP level 1. HP: 15/15 MP: 4/4
   398 | D:1      | Reached XP level 2. HP: 17/22 MP: 1/6
  1162 | D:2      | Reached skill level 1 in Fighting
  1187 | D:2      | Found a shattered altar of Ashenzari.
  1307 | D:2      | Reached XP level 3. HP: 33/33 MP: 0/7
  1316 | D:2      | Learned a level 3 spell: Mephitic Cloud
  1772 | D:2      | Reached XP level 4. HP: 40/40 MP: 3/8
  1811 | D:2      | Reached skill level 1 in Poison Magic
  2713 | D:3      | HP: 1/40 [orc priest/+2 dagger of venom (8)]
  2716 | D:3      | Reached XP level 5. HP: 17/46 MP: 0/9
  2951 | D:3      | Reached skill level 1 in Air Magic
  2981 | D:3      | Reached skill level 1 in Long Blades
  3316 | D:3      | Found a burning altar of Makhleb.
  3319 | D:3      | Found a blossoming altar of Fedhas.
  3374 | D:3      | Reached XP level 6. HP: 45/55 MP: 2/10
  3387 | D:3      | Noticed a phantom
  3428 | D:3      | Killed a phantom
  3870 | D:3      | Found a faded altar of an unknown god.
  3997 | D:3      | Found a basalt altar of Yredelemnul.
  4111 | D:4      | Found a sparkling altar of Nemelex Xobeh.
  4251 | D:4      | Noticed a sky beast
  4265 | D:4      | Killed a sky beast
  4916 | D:4      | Reached XP level 7. HP: 49/62 MP: 8/11
  5354 | D:4      | Reached skill level 4 in Stealth
  5506 | D:4      | Reached skill level 5 in Stealth
  5607 | D:5      | Entered Level 5 of the Dungeon
  5679 | D:5      | Found Ifau's Assorted Antiques.
  5695 | D:5      | Found a staircase to the Ecumenical Temple.
  5728 | D:5      | Reached skill level 6 in Stealth
  5753 | Temple   | Entered the Ecumenical Temple
  5787 | Temple   | Became a worshipper of Cheibriados the Contemplative
  6186 | D:5      | Reached XP level 8. HP: 34/70 MP: 8/12
  6341 | D:5      | Learned a level 2 spell: Blink
  6345 | D:5      | Learned a level 3 spell: Conjure Flame
  6370 | D:5      | Reached skill level 1 in Throwing
  6480 | D:5      | Found a stormy altar of Qazlal.
  7167 | D:5      | Found a shimmering altar of Xom.
  7312 | D:6      | Reached * piety under Cheibriados
  7318 | D:6      | Reached skill level 5 in Throwing
  7879 | D:6      | Noticed a deep elf mage
  7893 | D:6      | Was placed under penance by Cheibriados
  7901 | D:6      | HP: 2/105 [centaur warrior zombie (6)]
  7902 | D:6      | Reached skill level 5 in Spellcasting
  7902 | D:6      | Reached XP level 9. HP: 2/76 MP: 11/17
  8435 | D:6      | Was forgiven by Cheibriados
  8943 | D:6      | Found a glowing golden altar of the Shining One.
  9032 | D:6      | Killed a deep elf mage
  9316 | D:7      | Reached skill level 1 in Evocations
  9712 | D:7      | Reached ** piety under Cheibriados
  9712 | D:7      | Reached skill level 1 in Shields
  9725 | D:7      | Reached XP level 10. HP: 70/83 MP: 8/19
  9873 | D:7      | Found a shadowy altar of Dithmenos.
 10519 | D:7      | Reached *** piety under Cheibriados
 10638 | D:8      | Noticed a two-headed ogre
 10647 | D:8      | Demolished by a two-headed ogre
 10648 | D:8      | Reached XP level 9. HP: -16/77 MP: 1/18
 10649 | D:8      | Killed a two-headed ogre
 10649 | D:8      | Reached skill level 5 in Fighting
 10863 | D:8      | Noticed a troll
 10870 | D:8      | Reached **** piety under Cheibriados
 10878 | D:8      | Reached skill level 1 in Invocations
 11041 | D:8      | Reached XP level 10. HP: 91/91 MP: 11/19
 11283 | D:8      | Found a staircase to the Lair.
 11315 | D:8      | Noticed an unseen horror
 11332 | D:8      | Killed an unseen horror
 11332 | D:8      | Reached skill level 5 in Invocations
 11490 | D:8      | Reached skill level 5 in Long Blades
 11491 | D:8      | Noticed a centaur warrior
 11498 | D:8      | Killed a centaur warrior
 12085 | D:9      | Found a staircase to the Orcish Mines.
 12104 | D:8      | Reached ***** piety under Cheibriados
 12157 | D:9      | Noticed Prince Ribbit
 12209 | D:9      | Noticed a cyclops
 12240 | Lair:1   | Entered Level 1 of the Lair of Beasts
 12240 | Lair:1   | Noticed a cane toad
 12242 | Lair:1   | Killed a cane toad
 12316 | Lair:1   | Reached XP level 11. HP: 65/97 MP: 4/20
 12761 | Lair:1   | Noticed a four-headed hydra
 12838 | Lair:1   | Reached skill level 7 in Stealth
 13082 | Lair:2   | HP: 3/97 [porcupine (15)]
 13514 | Lair:2   | Reached skill level 5 in Evocations
 13699 | Lair:2   | Found a staircase to the Shoals.
 14483 | Lair:2   | Reached skill level 5 in Dodging
 14690 | Lair:3   | Noticed a five-headed hydra
 14708 | Lair:3   | Killed a five-headed hydra
 14798 | Lair:3   | Reached XP level 12. HP: 93/105 MP: 12/21
 15624 | Lair:1   | Killed a four-headed hydra
 16054 | D:9      | Killed Prince Ribbit
 16412 | D:9      | Reached skill level 8 in Stealth
 16591 | D:9      | Got an encrusted ring mail
 16602 | D:9      | Identified the +2 ring mail "Voofreis" {*Slow rN++} (You
                  | found it on level 9 of the Dungeon)
 16695 | D:10     | Entered Level 10 of the Dungeon
 16709 | D:10     | Reached skill level 9 in Stealth
 16765 | D:10     | Found a flagged portal.
 16784 | Bailey   | Entered a bailey
 16802 | Bailey   | Shot with a bolt by an orc warrior
 16803 | Bailey   | Reached XP level 11. HP: -5/102 MP: 20/20
 16845 | Bailey   | Killed an orc knight
 16845 | Bailey   | Reached skill level 10 in Stealth
 16868 | Bailey   | HP: 3/102 [orc warrior/bolt (12)]
 16871 | Bailey   | Killed an orc knight
 16871 | Bailey   | Reached skill level 11 in Stealth
 17351 | D:10     | Got a fine ring mail
 17362 | D:10     | Identified the +6 ring mail of Impermeability {Dex+6} (You
                  | found it on level 10 of the Dungeon)
 17547 | D:10     | Noticed a rakshasa
 17957 | Orc      | Entered the Orcish Mines
 17957 | Orc      | Found a staircase to the Elven Halls.
 17968 | Orc      | Reached XP level 12. HP: 54/114 MP: 16/21
 18227 | Orc      | Noticed an orc high priest
 18389 | Orc      | Noticed a sun demon
 18554 | D:11     | Noticed Maurice
 18554 | D:11     | Noticed a centaur warrior
 18555 | D:11     | Killed Maurice
 18561 | D:11     | Killed a centaur warrior
 18561 | D:11     | Reached skill level 5 in Armour
 19086 | D:11     | Noticed a two-headed ogre
 19088 | D:11     | Killed a two-headed ogre
 19182 | D:11     | Noticed Psyche
 19190 | D:11     | Killed Psyche
 19190 | D:11     | Reached skill level 5 in Conjurations
 19223 | D:11     | Noticed a two-headed ogre
 19230 | D:11     | Killed a two-headed ogre
 19361 | D:11     | Found a glowing silver altar of Zin.
 19438 | D:11     | Noticed Fannar
 19518 | D:12     | Entered Level 12 of the Dungeon
 19518 | D:12     | Noticed Louise
 19526 | D:12     | Killed Louise
 19527 | D:12     | Noticed a centaur warrior
 19531 | D:12     | Noticed a centaur warrior
 19531 | D:12     | Noticed a two-headed ogre
 19534 | D:12     | Killed a two-headed ogre
 19534 | D:12     | Gained mutation: You can use your snake-like lower body to
                  | constrict enemies. [Naga growth]
 19534 | D:12     | Reached XP level 13. HP: 106/121 MP: 18/23
 20096 | D:12     | Identified 2 scrolls of acquirement
 20112 | D:12     | Got an ichor-stained helmet
 20123 | D:12     | Identified the +1 helmet of Xegef {Dex+3} (You acquired it
                  | on level 12 of the Dungeon)
 20469 | D:12     | Noticed an ettin
 20482 | D:12     | Killed an ettin
 20482 | D:12     | Reached skill level 10 in Long Blades
 20641 | D:12     | Found a staircase to the Depths.
 21036 | Shoals:1 | Entered Level 1 of the Shoals
 21119 | Shoals:1 | Got an ancient ring mail
 21130 | Shoals:1 | Identified the +1 ring mail of Guituyf {+Fly Str+4 SInv}
                  | (You acquired it on level 1 of the Shoals)
 21167 | Shoals:1 | Gained mutation: You are frail. (-10% HP) [potion of
                  | mutation]
 21167 | Shoals:1 | Gained mutation: You possess an exceptional clarity of
                  | mind. [potion of mutation]
 21167 | Shoals:1 | Gained mutation: Your tail ends in a poisonous barb.
                  | [potion of mutation]
 21218 | Shoals:1 | Learned a level 5 spell: Lightning Bolt
 21460 | Shoals:1 | Noticed a merfolk javelineer
 21464 | Shoals:1 | HP: 3/108 [merfolk javelineer/javelin (19)]
 21465 | Shoals:1 | Drowned by a water nymph

Skill      XL: |  1  2  3  4  5  6  7  8  9 10 11 12 13 |
---------------+----------------------------------------+-----
Conjurations   | 2 6 |  6.1
Fighting       | 2 3 6 9 7 |  9.2
Poison Magic   | 3 |  3.7
Air Magic      | 1 3 |  3.0
Long Blades    | 2 4 7 8 10 | 10.9
Stealth        | 6 11 9 | 11.1
Dodging        | 3 5 |  5.1
Throwing       | 5 |  5.0
Spellcasting   | 5 6 7 8 |  8.0
Armour         | 3 5 |  5.6
Evocations     | 3 7 8 |  8.1
Shields        | 1 4 |  4.4
Invocations    | 2 5 7 |  7.0
Summonings     | |  1.0
Translocations | |  1.0

Action                   |  1- 3 |  4- 6 |  7- 9 | 10-12 | 13-15 || total
-------------------------+-------+-------+-------+-------+-------++-------
Melee: Staff             |    14 |    26 |       |       |       ||    40
       Dagger            |       |    80 |   330 |   693 |    61 ||  1164
       Falchion          |       |    16 |    52 |       |       ||    68
       Long sword        |       |       |     2 |    14 |       ||    16
       Scimitar          |       |       |       |   119 |    98 ||   217
       Constrict         |       |       |       |       |    31 ||    31
       Tailslap          |       |       |       |       |     7 ||     7
Throw: Stone             |       |     3 |     9 |       |       ||    12
       Tomahawk          |       |       |     3 |    53 |       ||    56
 Cast: Magic Dart        |    57 |    98 |   133 |    80 |       ||   368
       Mephitic Cloud    |       |     2 |    37 |   108 |    29 ||   176
       Conjure Flame     |       |       |     1 |     4 |       ||     5
       Blink             |       |       |       |     1 |       ||     1
       Lightning Bolt    |       |       |       |       |     1 ||     1
Invok: Slouch            |       |       |       |    12 |     4 ||    16
 Abil: Spit Poison       |     5 |    16 |    11 |     3 |       ||    35
Evoke: Wand              |       |       |       |     9 |     1 ||    10
       Phantom mirror    |       |       |       |       |     1 ||     1
  Use: Potion            |     1 |     2 |     2 |     5 |     2 ||    12
       Scroll            |       |    10 |     5 |     7 |    11 ||    33
 Stab: Confused          |       |       |    19 |    81 |    15 ||   115
       Sleeping          |       |       |     6 |    17 |     7 ||    30
       Distracted        |       |       |     1 |     1 |       ||     2
       Paralysed         |       |       |       |     4 |       ||     4
  Eat: Chunk             |     2 |     8 |     7 |    12 |     4 ||    33
       Ration            |       |       |     2 |     1 |       ||     3
Armor: Robe              |     2 |    27 |    83 |   123 |       ||   235
       Ring mail         |       |       |       |    79 |    53 ||   132
Dodge: Dodged            |    16 |   105 |   194 |   439 |    76 ||   830
Block: Other             |       |       |     3 |       |       ||     3
       Buckler           |       |       |    24 |   308 |    88 ||   420
